 Dungeon Crawl Stone Soup version 0.29-a0-266-gf56f883ddd (webtiles) character file.

Game seed: 18433485926548366866

169 drugrobin the Skirmisher (level 5, 46/46 HPs)
             Began as a Demigod Fighter on Mar 6, 2022.
             Quit the game on level 4 of the Dungeon.
             The game lasted 00:06:01 (3914 turns).

drugrobin the Skirmisher (Demigod Fighter)          Turns: 3914, Time: 00:06:02

Health: 46/46      AC: 10    Str: 21    XL:     5   Next: 4%
Magic:  16/16      EV:  7    Int: 10    God:
Gold:   209        SH:  4    Dex: 13    Spells: 4/4 levels left

rFire   . . .      SeeInvis .   a - +7 whip "Leviticus" {speed, rC+ rN+}
rCold   + . .      Faith    .   s - +0 buckler
rNeg    + . .      Spirit   .   l - +0 chain mail
rPois   .          Reflect  .   u - +0 helmet
rElec   .          Harm     .   (no cloak)
rCorr   .          Rampage  .   (no gloves)
Will    .....                   (no boots)
Stlth   ..........              n - amulet of magic regeneration
HPRegen 0.15/turn               r - ring of magical power
MPRegen 0.55/turn               (no ring)

@: no status effects
A: high MP 1, forlorn, divine attributes
a: no special abilities


You were on level 4 of the Dungeon.
You visited 1 branch of the dungeon, and saw 4 of its levels.

You collected 209 gold pieces.

Inventory:

Hand Weapons
 a - the +7 whip "Leviticus" (weapon) {speed, rC+ rN+}
   (You found it on level 3 of the Dungeon)

   Attacks with this weapon are significantly faster.
   rC:        It protects you from cold.
   rN:        It protects you from negative energy.
 b - a +2 short sword of draining
 c - a +2 dagger of venom
 w - a +0 war axe
Armour
 l - a +0 chain mail (worn)
 s - a +0 buckler (worn)
 u - a +0 helmet (worn)
Jewellery
 n - an amulet of magic regeneration (around neck)
 r - a ring of magical power (left hand)
Wands
 p - a wand of polymorph (4)
Scrolls
 f - 3 scrolls of identify {unknown}
 i - 2 scrolls of teleportation {unknown}
 j - 2 scrolls of blinking {unknown}
 k - a scroll of magic mapping {unknown}
 t - a scroll of noise {unknown}
 v - a scroll of holy word {unknown}
Potions
 d - 2 potions of might
 e - 2 potions of curing {unknown}
 g - a potion of cancellation {unknown}
 h - 2 potions of lignification {unknown}
 m - a potion of brilliance {unknown}
 o - 2 potions of heal wounds {unknown}
 q - a potion of mutation {unknown}


   Skills:
 + Level 4.2 Fighting
 + Level 3.7 Axes
 - Level 2.6 Armour
 - Level 2.6 Shields


You had 4 spell levels left.
You didn't know any spells.
Your spell library contained the following spells:

 Spells                   Type           Power      Damage    Failure   Level
 Ensorcelled Hibernation  Hex/Ice        0%         N/A       100%        2
 Passwall                 Tmut/Erth      0%         N/A       100%        2
 Swiftness                Air            0%         N/A       100%        3


Dungeon Overview and Level Annotations

Branches:
Dungeon (4/15)
 Temple: D:4-7


Innate Abilities, Weirdness & Mutations

You have an increased reservoir of magic. (+10% MP)
You shall have no god before yourself.
Your divine heritage dramatically boosts your attributes as you level up.


Message History

The iguana is severely wounded.
You barely miss the iguana.
The iguana is severely wounded.
The iguana bites you but does no damage.
You whack the iguana!
You kill the iguana!
You see here an iguana corpse.
There is a stone staircase leading down here.
You climb downwards.
The adder bites you but does no damage. The adder completely misses you.
There is a stone staircase leading up here.
Unknown command.
Unknown command.
You hit the adder.
The adder is lightly wounded.
The adder barely misses you.
You closely miss the adder.
The adder is lightly wounded.
You block the adder's attack.
You whack the adder!
The adder is severely wounded.
You whack the adder!
You kill the adder!
You have reached level 5!
A quokka comes into view.
Found a stone staircase leading down.
You hit the quokka.
The quokka is almost dead.
The quokka barely misses you.
You closely miss the quokka.
The quokka is almost dead.
The quokka bites you but does no damage.
You hit the quokka.
You kill the quokka!
There is a stone staircase leading up here.
Found a twisted glowing staff.
You now have 209 gold pieces (gained 17).
An orc comes into view. It is wielding a +0 dagger.
Unknown command.
Are you sure you want to abandon this character and quit the game? (Confirm with "yes".)

##.........# o
##..........#
.#
#...........#
#.
#...........#
#.
#..........##
.# ##.........#
#. #....>..|##
#.## ##......##
#.@# ##.....#
##.# ##.....#
#.######.....##
#..##<.......#
##...........#
#..........##
###.......###
#........##
.....#....##


You could see an orc (wandering).

Vanquished Creatures
  Jessica (D:3)
  An iguana (D:3)
  Robin (D:3)
  3 adders
  A white imp (D:3)
  4 worms
  A dart slug (D:1)
  8 endoplasms
  5 hobgoblins
  6 kobolds
  3 quokkas
  4 ball pythons
  3 bats
  4 frilled lizards
  11 goblins
  6 rats (D:1)
62 creatures vanquished.

Vanquished Creatures (others)
  A goblin (D:3)
1 creature vanquished.

Grand Total: 63 creatures vanquished

Notes
Turn   | Place    | Note
-------+----------+-------------------------------------------
     0 | D:1      | drugrobin the Demigod Fighter began the quest for the Orb.
     0 | D:1      | Reached XP level 1. HP: 18/18 MP: 3/3
   198 | D:1      | Reached skill level 3 in Fighting
   209 | D:1      | Reached XP level 2. HP: 9/26 MP: 4/4
  1283 | D:2      | Reached XP level 3. HP: 22/31 MP: 5/5
  2463 | D:3      | Noticed Jessica
  2475 | D:3      | Killed Jessica
  2540 | D:3      | Reached XP level 4. HP: 36/40 MP: 6/6
  2855 | D:3      | Noticed Robin
  3220 | D:3      | Noticed a phantom
  3363 | D:3      | Reached skill level 4 in Fighting
  3580 | D:3      | Killed Robin
  3815 | D:3      | Identified the +7 whip "Leviticus" {speed, rC+ rN+}
  3872 | D:4      | Reached XP level 5. HP: 46/46 MP: 7/7
  3914 | D:4      | Quit the game

Illustrated notes

Levels and vault maps discovered:
D:1:      dpeg_arrival_short_road, layout_loops_ring
D:2:      layout_basic, basic_altar, ebering_ecumenical_altar_petrified
D:3:      layout_loops_corners, kennysheep_cross_bottleneck, uniq_jessica,
          uniq_robin
D:4:      layout_cave_pods

Skill      XL: |  1  2  3  4 |
---------------+-------------+-----
Axes           | 2 3 |  3.7
Fighting       | 3 4 |  4.2
Armour         | |  2.6
Shields        | |  2.6

Action                   |  1- 3 |  4- 6 || total
-------------------------+-------+-------++-------
Melee: War axe           |   120 |    36 ||   156
       Unarmed           |     2 |       ||     2
       Whip              |       |    13 ||    13
       Short sword       |       |     8 ||     8
       Dagger            |       |     5 ||     5
Evoke: Wand              |       |     1 ||     1
Armor: Scale mail        |    21 |       ||    21
       Chain mail        |    11 |    34 ||    45
Dodge: Dodged            |    47 |    25 ||    72
Block: Buckler           |    18 |    12 ||    30

Table legend: (Time is in decaauts)
 A = Elapsed time spent in this place.
 B = Non-inter-level travel time spent in this place.
 C = Inter-level travel time spent in this place.
 D = Time resting spent in this place.
 E = Time spent auto-exploring this place.
 F = Levels seen in this place.
 G = Mean time per level.
                   A        B        C        D        E       F      G
               +--------+--------+--------+--------+--------+-----+--------+
         Total |   3973 |   3908 |     65 |   1008 |   2077 |   4 |  993.2 |
       Dungeon |   3973 |   3908 |     65 |   1008 |   2077 |   4 |  993.2 |
               +--------+--------+--------+--------+--------+-----+--------+

Top non-repeatable levels by time:
     D:3: 1509 daAuts
     D:2: 1331 daAuts
     D:1: 1082 daAuts
     D:4: 50 daAuts
